 Dungeon Crawl Stone Soup version 0.30-a0-634-g8abc85282e (webtiles) character file.

Game seed: 10856945182292725072

46 Dartaoz the Chopper (level 3, -1/31 HPs)
             Began as a Hill Orc Monk on Jan 14, 2023.
             Succumbed to Ijyb's poison
             ... on level 3 of the Dungeon.
             The game lasted 00:04:44 (1975 turns).

Dartaoz the Chopper (Hill Orc Monk)                 Turns: 1975, Time: 00:04:45

Health: -1/31      AC: 11    Str: 15    XL:     3   Next: 68%
Magic:  3/3        EV:  4    Int: 10    God:
Gold:   161        SH:  0    Dex: 13    Spells: 2/2 levels left

rFire   . . .      SeeInvis .    a - +0 hand axe
rCold   . . .      Faith    .    (no shield)
rNeg    . . .      Spirit   .    h - +0 plate armour
rPois   .          Reflect  .    (no helmet)
rElec   .          Harm     .    (no cloak)
rCorr   .          Rampage  .    g - +0 pair of gloves
Will    .....                    (no boots) Stlth
                                 (no amulet)
HPRegen 0.25/turn                (no ring)
MPRegen 0.08/turn                (no ring)

@: lethally poisoned (-1 -> -18), invisible
A: no striking features
a: no special abilities


You were on level 3 of the Dungeon.
You visited 1 branch of the dungeon, and saw 3 of its levels.

You collected 161 gold pieces.

Inventory:

Hand Weapons
 a - a +0 hand axe (weapon)
Armour
 b - a +0 robe
 d - a +0 scale mail
 g - a +0 pair of gloves (worn)
 h - a +0 plate armour (worn)
Jewellery
 j - a ring of fire
Scrolls
 c - a scroll of teleportation {unknown}
 e - 2 scrolls of fear
 o - a scroll of enchant weapon {unknown}
Potions
 f - a potion of heal wounds {unknown}
 i - a potion of flight
 k - 2 potions of mutation
 l - a potion of brilliance
 n - a potion of degeneration


   Skills:
 - Level 3.6 Fighting
 + Level 6.1 Axes
 - Level 2.4 Dodging
 - Level 1.5 Stealth


You had 2 spell levels left.
You didn't know any spells.
Your spell library was empty.

Dungeon Overview and Level Annotations

Branches:
Dungeon (3/15)

Altars:

Annotations:
D:3 Ijyb


Message History

A bat comes into view.
The bat hits you but does no damage.
Ijyb hits you with a +1 dagger of venom.
You are poisoned.
You hit Ijyb.
Ijyb is lightly wounded.
You hit the bat.
You feel very sick. The bat hits you but does no damage. x2
Ijyb screams, "I cut your head off!" Ijyb completely misses you.
You hit Ijyb but do no damage.
Ijyb is lightly wounded.
You hit the bat.
You feel sick. The bat hits you but does no damage.
Ijyb hits you with a +1 dagger of venom.
You are more poisoned.
You hit Ijyb but do no damage.
Ijyb is lightly wounded.
You feel very sick. The bat hits you but does no damage.
Ijyb hits you but does no damage.
You are lethally poisoned!
You closely miss Ijyb.
Ijyb is lightly wounded.
You feel very sick. The bat hits you but does no damage.
Ijyb hits you but does no damage.
You are more poisoned.
You hit Ijyb but do no damage.
Ijyb is lightly wounded.
* * * LOW HITPOINT WARNING * * *
You feel very sick. The bat hits you but does no damage.
Ijyb hits you with a +1 dagger of venom.
* * * LOW HITPOINT WARNING * * *
You fade into invisibility!
* * * LOW HITPOINT WARNING * * *
You feel very sick. The bat hits you but does no damage.
Ijyb barely misses you.
Okay, then.
Okay, then.
You die...

#..##### #.
#..#...###..
#..#...#...
#.$#.....#
#.......##..
#....b... #..g<.#
#.## #.@###
##...# ###.##
#..#
##.###########
##.....#.....##
##.............##
#...............#
#...<...........#


You could see Ijyb (unable to see you).

Vanquished Creatures
  An adder (D:2)
  3 dart slugs
  3 bats
  3 endoplasms
  2 hobgoblins
  2 quokkas
  9 ball pythons
  A frilled lizard (D:2)
  A goblin (D:1)
  4 kobolds
  A rat (D:2)
30 creatures vanquished.

Notes
Turn   | Place    | Note
-------+----------+-------------------------------------------
     0 | D:1      | Dartaoz the Hill Orc Monk began the quest for the Orb.
     0 | D:1      | Reached XP level 1. HP: 19/19 MP: 1/1
    88 | D:1      | Found a faded altar of an unknown god.
   206 | D:1      | Reached XP level 2. HP: 23/26 MP: 2/2
   480 | D:1      | Reached skill level 5 in Axes
   857 | D:2      | Reached XP level 3. HP: 31/31 MP: 3/3
  1592 | D:2      | Reached skill level 6 in Axes
  1966 | D:3      | Noticed Ijyb
  1975 | D:3      | Succumbed to Ijyb's poison

Illustrated notes

Levels and vault maps discovered:
D:1:      lemuel_arrival_river_passageway, layout_loops_ring,
          shapermc_ecumenical_altar_totnotflames
D:2:      layout_basic, grunt_ministairs_12
D:3:      layout_rooms, uniq_ijyb

Skill      XL: |  1  2  3 |
---------------+----------+-----
Axes           | 5 6 |  6.1
Fighting       | |  3.6
Dodging        | |  2.4
Stealth        | |  1.5

Action                   || total
-------------------------++-------
Melee: Hand axe          ||   109
  Use: Scroll            ||     6
       Potion            ||     2
Armor: Scale mail        ||    22
       Plate armour      ||    59
Dodge: Dodged            ||    31

Table legend: (Time is in decaauts)
 A = Elapsed time spent in this place.
 B = Non-inter-level travel time spent in this place.
 C = Inter-level travel time spent in this place.
 D = Time resting spent in this place.
 E = Time spent auto-exploring this place.
 F = Levels seen in this place.
 G = Mean time per level.
                   A        B        C        D        E       F      G
               +--------+--------+--------+--------+--------+-----+--------+
         Total |   1985 |   1903 |     82 |      0 |   1574 |   3 |  661.7 |
       Dungeon |   1985 |   1903 |     82 |      0 |   1574 |   3 |  661.7 |
               +--------+--------+--------+--------+--------+-----+--------+

Top non-repeatable levels by time:
     D:2: 1071 daAuts
     D:1: 862 daAuts
     D:3: 51 daAuts
